 Dungeon Crawl Stone Soup version 0.25-b1-38-g32f9adbbe0 (webtiles) character file.

Game seed: 2731131599197305357

34830 Delver the Destroyer (level 13, -12/68 HPs)
             Began as a Deep Elf Conjurer on June 3, 2020.
             Was an Elder of Fedhas.
             Killed from afar by a shock serpent (15 damage)
             ... with a bolt of electricity
             ... on level 3 of the Lair of Beasts on June 7, 2020.
             The game lasted 08:33:42 (19284 turns).

Delver the Destroyer (Deep Elf Conjurer)           Turns: 19284, Time: 08:33:43

Health: -12/68     AC: 17    Str:  9    XL:     13   Next: 44%
Magic:  1/31       EV: 18    Int: 30    God:    Fedhas [****..]
Gold:   1146       SH:  0    Dex: 27    Spells: 6/36 levels left

rFire    + . .     SeeInvis .   k - +8 short sword of Novos {distort, Int+3}
rCold    . . .     Gourm    .   (no shield)
rNeg     . . .     Faith    .   t - +0 swamp dragon scales
rPois    +         Spirit   .   L - +1 helmet
rElec    .         Reflect  .   v - scarf {harm}
rCorr    .         Harm     .   w - +2 pair of gloves of Glamorous Joy {Int+3}
MR       +....                  q - +2 pair of boots
Stlth    ++++......             s - amulet of regeneration
HPRegen  0.61/turn              C - +6 ring of dexterity
MPRegen  0.22/turn              e - +6 ring of dexterity

@: no status effects
A: icy blue scales 1, fire resistance 1, strong 1
a: Wall of Briars, Grow Ballistomycete, Overgrow, Renounce Religion


You were on level 3 of the Lair of Beasts.
You worshipped Fedhas.
Fedhas was greatly pleased with you.
You were not hungry.

You visited 4 branches of the dungeon, and saw 16 of its levels.

You collected 1146 gold pieces.

Inventory:

Hand Weapons
 g - a +2 dagger of venom
 k - the +8 short sword of Novos (weapon) {distort, Int+3}
   (You took it off a big kobold on level 5 of the Dungeon)

   It warps and distorts space around it.
   Unwielding it can cause banishment or high damage.
   It affects your intelligence (+3).
 D - a +3 quarterstaff of chaos
 J - a +3 dagger of freezing
 Y - a +0 vampiric falchion
Missiles
 V - 11 javelins (quivered)
Armour
 h - a +2 robe of cold resistance
 q - a +2 pair of boots (worn)
 t - +0 swamp dragon scales (worn)
 v - a scarf of harm (worn)
 w - the +2 pair of gloves of Glamorous Joy (worn) {Int+3}
   (You found it on level 3 of the Lair of Beasts)

   It affects your intelligence (+3).
 L - a +1 helmet (worn)
 Q - a +0 troll leather armour
Magical Staves
 l - an uncursed staff of energy
Jewellery
 e - a +6 ring of dexterity (right hand)
 s - an amulet of regeneration (around neck)
 x - an uncursed ring of protection from cold
 C - a +6 ring of dexterity (left hand)
 H - an uncursed amulet of faith
 X - an uncursed ring of stealth
Wands
 b - a wand of polymorph (8)
 d - a wand of disintegration (28)
 E - a wand of paralysis (8)
 I - a wand of random effects (23)
 K - a wand of flame (14)
 Z - a wand of acid (17)
Scrolls
 i - 5 scrolls of magic mapping
 o - 5 scrolls of teleportation
 p - 3 scrolls of enchant weapon
 r - 2 scrolls of torment
 u - 4 scrolls of amnesia
 y - 5 scrolls of remove curse
 A - a scroll of identify
 N - 2 scrolls of fog
 T - a scroll of silence
Potions
 f - 2 potions of flight
 j - 9 potions of curing
 n - 4 potions of brilliance
 z - 2 potions of stabbing
 B - 2 potions of cancellation
 G - 2 potions of might
 M - a potion of resistance
 R - a potion of degeneration {unknown}
 S - 2 potions of haste
 W - 2 potions of ambrosia {unknown}
Miscellaneous
 O - a phantom mirror
Comestibles
 c - 18 rations


   Skills:
 - Level 3.1 Fighting
 - Level 6.0 Short Blades
 - Level 2.0 Staves
 - Level 3.6 Throwing
 + Level 1.4 Armour
 + Level 9.9 Dodging
 - Level 8.0 Stealth
 + Level 12.4 Spellcasting
 + Level 12.9 Conjurations
 + Level 1.5 Hexes
 - Level 5.1 Charms
 - Level 7.9 Translocations
 - Level 4.0 Ice Magic
 - Level 2.1 Air Magic
 - Level 6.0 Invocations
 - Level 6.3 Evocations


You had 6 spell levels left.
You knew the following spells:

 Your Spells              Type           Power        Failure   Level  Hunger
a - Magic Dart            Conj           ####         1%          1    None
b - Searing Ray           Conj           ######       1%          2    None
c - Dazzling Flash        Conj/Hex       ######       1%          3    None
d - Iskenderun's Mystic   Conj/Tloc      ######..     1%          4    None
e - Fulminant Prism       Conj/Hex       ######....   3%          4    None
f - Apportation           Tloc           ######       1%          1    None
g - Lightning Bolt        Conj/Air       ######....   10%         5    ##.....
h - Swiftness             Chrm/Air       #####...     2%          2    None
i - Iskenderun's Battles  Conj/Chrm      ######..     4%          5    ##.....
j - Ozocubu's Armour      Chrm/Ice       #####...     3%          3    None

Your spell library contained the following spells:

 Spells                   Type           Power        Failure   Level  Hunger
 Infusion                 Chrm           ####         1%          1    None
 Shock                    Conj/Air       ####         1%          1    None
 Shroud of Golubria       Chrm/Tloc      ######       1%          2    None
 Song of Slaying          Chrm           #####...     1%          2    None
 Static Discharge         Conj/Air       ######..     1%          3    None
 Corona                   Hex            ####...      4%          1    None
 Spectral Weapon          Hex/Chrm       #####...     6%          3    None
 Animate Skeleton         Necr           N/A          8%          1    None
 Summon Small Mammal      Summ           ###.         8%          1    None
 Airstrike                Air            ####......   30%         4    None
 Ice Form                 Ice/Tmut       ####....     32%         4    None
 Bolt of Magma            Conj/Fire/Erth #####.....   34%         5    ##.....
 Petrify                  Tmut/Erth      ###.....     58%         4    None
 Iron Shot                Conj/Erth      ######....   63%         6    ####...
 Lee's Rapid Deconstruct  Erth           ###.......   91%         5    ##.....
 Orb of Destruction       Conj           #######...   32%         7    ######.
 Spellforged Servitor     Conj/Summ      ######....   99%         7    ######.


Dungeon Overview and Level Annotations

Branches:
Dungeon (9/15)             Temple (1/1) D:5            Lair (5/6) D:9
  Swamp (0/4) Lair:3        Snake (1/4) Lair:3        Slime (0/5) Lair:5
    Orc: D:9-12

Altars:
Ashenzari
Cheibriados
Dithmenos
Elyvilon
Fedhas
Gozag
Hepliaklqana
Kikubaaqudgha
Makhleb
Nemelex Xobeh
Okawaru
Qazlal
Ru
Sif Muna
Trog
Uskayaw
Vehumet
Wu Jian
Xom
Yredelemnul
Zin
The Shining One

Portals:
Abyss: D:5

Annotations:
Lair:5 3 runed translucent doors, 3 exclusions, Qeimiotua's ghost, journeyman MiFi


Innate Abilities, Weirdness & Mutations

You are partially covered in icy blue scales. (AC +2)
Your flesh is heat resistant. (rF+)
Your muscles are strong. (Str +2)


Message History

The bolt of electricity hits you.
The bolt of electricity hits your battlesphere.
Your battlesphere completely resists.
The bolt of electricity hits your battlesphere.
Your battlesphere completely resists.
The bolt of electricity hits you!!
* * * LOW HITPOINT WARNING * * *
The bolt of electricity hits the shock serpent.
The shock serpent completely resists.
The black mamba completely misses you.
You climb upwards.
Welcome back to the Lair of Beasts!
Your battlesphere wavers and loses cohesion.
There is a staircase to the Snake Pit here.
Okay, then.
Okay, then.
As you read the scroll of summoning, it crumbles to dust.
Wisps of shadow whirl around you... The black mamba barely misses you.
The shock serpent shoots out a bolt of lightning at you!
The bolt of electricity hits you!
You die...
Fedhas appreciates your contribution to the ecosystem.

.......# #...# ##...... .......#
#P..# ### ##....... ......##
#...# #.###........
..)...#########..#####P..........
........##..###.P##.#....P.......
......+....###..........###......
......#.........H.....### #......
......#..#....SS....### ###....
###'#..##..PP#..@Sl###### #..####
#.#.#.#####..##.t...##..###.##
##....# ######P....#...P...#
###..## ##..#....#........#.####
###.+#####.......##.#..##...'##.#
............##...########.......#
.......#P.####..## ##....>##
..<.......# #..### #####.....#
.........P# #P...#####.###......


You could see a shock serpent, a black mamba, a friendly komodo dragon
(summoned), a friendly hippogriff (summoned), a friendly water moccasin
(summoned) and a friendly crocodile (summoned).

Vanquished Creatures
  8 hydras
  A two-headed ogre (D:9)
  An alligator (Lair:5)
  7 death yaks
  A swamp dragon (Lair:5)
  The ghost of ajores the Insei, a novice OpCK of Xom (D:5)
  A mana viper (Snake:1)
  2 salamanders (Snake:1)
  A naga mage (Lair:3)
  4 black mambas (Lair:3)
  6 spiny frogs
  4 rime drakes (Lair:5)
  A komodo dragon (Lair:5)
  2 trolls
  A hornet (D:9)
  Prince Ribbit (D:7)
  11 blink frogs
  7 hippogriffs
  Sigmund (D:3)
  17 yaks
  3 wyverns
  A basilisk (Lair:5)
  A vampire mosquito (Lair:5)
  3 swamp worms (Lair:5)
  16 water moccasins
  4 phantoms
  3 orc warriors
  4 porcupines
  A black bear (D:8)
  2 ice beasts
  A necrophage (D:8)
  8 ogres
  3 centaurs
  18 crocodiles
  A big kobold (D:5)
  12 bullfrogs
  A small abomination (D:5)
  6 scorpions
  10 wights (D:9)
  A howler monkey (D:6)
  3 crimson imps
  A quasit (D:9)
  3 centaur skeletons
  A gnoll shaman (D:8)
  5 hounds
  3 orc priests
  Crazy Yiuf (D:3)
  3 jellies
  3 orc wizards
  A bullfrog skeleton (D:8)
  2 iron imps
  Jessica (D:2)
  6 iguanas
  5 worker ants
  A hound zombie (D:6)
  A worker ant zombie (D:7)
  Robin (D:3)
  A howler monkey skeleton (D:4)
  4 gnolls (D:8)
  23 adders
  A river rat (D:9)
  5 oozes (Lair:5)
  2 adder skeletons (D:6)
  A worm (D:3)
  2 dart slugs
  5 leopard geckos
  21 orcs
  6 bats
  10 giant cockroaches
  16 goblins
  15 hobgoblins
  6 jackals
  9 quokkas
  6 frilled lizards
  A jackal skeleton (D:4)
  A jackal zombie (D:8)
  13 kobolds
  A leopard gecko zombie (D:7)
  23 rats
  A spectral orc (D:4)
391 creatures vanquished.

Vanquished Creatures (collateral kills)
  An alligator (Lair:5)
  A spiny frog (Lair:3)
  2 slime creatures (Lair:5)
  A yak (Lair:2)
  A swamp worm (Lair:5)
  A water moccasin (Lair:3)
  A ballistomycete spore (D:9)
8 creatures vanquished.

Vanquished Creatures (others)
  A wolf (Lair:4)
  A bullfrog (Lair:4)
  69 fulminant prisms
  11 fungi
  12 plants
94 creatures vanquished.

Grand Total: 493 creatures vanquished

Notes
Turn   | Place    | Note
-------+----------+-------------------------------------------
     0 | D:1      | Delver the Deep Elf Conjurer began the quest for the Orb.
     0 | D:1      | Reached XP level 1. HP: 10/10 MP: 6/6
   175 | D:1      | Reached XP level 2. HP: 15/15 MP: 4/8
   186 | D:1      | Learned a level 2 spell: Searing Ray
   689 | D:1      | Reached skill level 5 in Conjurations
   806 | D:1      | Upgraded the game from 0.25-b1-29-g4cfa5c7bda to
                  | 0.25-b1-37-g2669288c55
   958 | D:2      | Reached XP level 3. HP: 19/19 MP: 7/10
  1058 | D:2      | Learned a level 3 spell: Dazzling Flash
  1113 | D:2      | Noticed Jessica
  1127 | D:2      | Killed Jessica
  1127 | D:2      | Reached XP level 4. HP: 24/24 MP: 4/12
  1188 | D:2      | Learned a level 4 spell: Iskenderun's Mystic Blast
  1974 | D:2      | You fall into a shaft and drop 2 floors!
  1986 | D:4      | Reached XP level 5. HP: 28/28 MP: 9/14
  2044 | D:4      | Reached skill level 5 in Spellcasting
  2203 | D:3      | Reached XP level 6. HP: 26/32 MP: 13/16
  2568 | D:3      | Noticed Sigmund
  2925 | D:3      | Noticed Robin
  2947 | D:3      | Killed Robin
  3136 | D:3      | Found a runed translucent door.
  3137 | D:3      | Noticed Crazy Yiuf
  3354 | D:3      | Killed Crazy Yiuf
  3434 | D:3      | Killed Sigmund
  3434 | D:3      | Reached XP level 7. HP: 28/36 MP: 9/18
  3532 | D:3      | Learned a level 4 spell: Fulminant Prism
  4297 | D:4      | You fall into a shaft and drop 3 floors!
  4407 | D:6      | Reached XP level 8. HP: 31/41 MP: 0/20
  4573 | D:6      | Reached skill level 5 in Dodging
  4625 | D:6      | Reached skill level 1 in Translocations
  4664 | D:6      | Found a shadowy altar of Dithmenos.
  4818 | D:6      | Found a shattered altar of Ashenzari.
  4860 | D:5      | Entered Level 5 of the Dungeon
  5039 | D:4      | Found a basalt altar of Yredelemnul.
  5116 | D:4      | Found an opulent altar of Gozag.
  5267 | D:5      | Found a transporter.
  5290 | D:5      | Found a transporter.
  5337 | D:5      | Noticed ajores's ghost (novice OpCK)
  5348 | D:5      | Found a snail-covered altar of Cheibriados.
  5349 | D:5      | Found a glowing silver altar of Zin.
  5350 | D:5      | Found a shimmering blue altar of Sif Muna.
  5353 | D:5      | Found a sparkling altar of Nemelex Xobeh.
  5357 | D:5      | Found a shimmering altar of Xom.
  5361 | D:5      | Found a blossoming altar of Fedhas.
  5387 | D:5      | Became a worshipper of Fedhas Madash
  5607 | D:5      | Found a staircase to the Ecumenical Temple.
  5615 | Temple   | Entered the Ecumenical Temple
  6158 | D:5      | Found an iron altar of Okawaru.
  6308 | D:5      | Identified the +8 short sword of Novos {distort, Int+3}
  6331 | D:5      | Found a one-way gate to the infinite horrors of the Abyss.
  6366 | D:5      | Killed ajores's ghost
  6366 | D:5      | Reached XP level 9. HP: 45/45 MP: 13/23
  6375 | D:5      | Reached skill level 5 in Stealth
  6558 | D:5      | Reached * piety under Fedhas
  6889 | D:6      | Reached skill level 1 in Staves
  6889 | D:6      | Reached skill level 10 in Conjurations
  6956 | D:6      | Reached skill level 1 in Short Blades
  7061 | D:6      | Found a blossoming altar of Fedhas.
  7471 | D:7      | Noticed Prince Ribbit
  7475 | D:7      | Killed Prince Ribbit
  7541 | D:7      | Found a hazy altar of Hepliaklqana.
  7766 | D:7      | Found a bloodstained altar of Trog.
  8228 | D:8      | Reached ** piety under Fedhas
  8422 | D:8      | Reached skill level 1 in Evocations
  8458 | D:8      | Found a flagged portal.
  8576 | D:8      | Reached skill level 1 in Invocations
  8582 | D:8      | Noticed a troll
  8811 | D:8      | Found a burning altar of Makhleb.
  8889 | D:8      | Learned a level 1 spell: Apportation
  9031 | D:8      | Reached XP level 10. HP: 50/50 MP: 19/25
  9121 | D:8      | Reached skill level 5 in Translocations
  9734 | D:8      | Reached *** piety under Fedhas
  9920 | D:9      | Noticed a two-headed ogre
  9931 | D:9      | Killed a two-headed ogre
  9931 | D:9      | Reached skill level 10 in Spellcasting
 10224 | D:9      | Noticed a death yak
 10228 | D:9      | Noticed a death yak
 10230 | D:9      | Noticed a death yak
 10250 | D:8      | Killed a death yak
 10760 | D:9      | Found a staircase to the Lair.
 10833 | D:9      | Gained mutation: You are partially covered in icy blue
                  | scales. (AC +2) [potion of mutation]
 10833 | D:9      | Gained mutation: You are resistant to hostile enchantments.
                  | (MR+) [potion of mutation]
 10833 | D:9      | Gained mutation: You have a pair of small horns on your
                  | head. [potion of mutation]
 11001 | D:9      | Killed a death yak
 11099 | D:9      | Killed a death yak
 11099 | D:9      | Reached XP level 11. HP: 34/54 MP: 8/27
 11320 | D:9      | Noticed a two-headed ogre
 12125 | Lair:1   | Entered Level 1 of the Lair of Beasts
 12667 | Lair:1   | Reached skill level 5 in Short Blades
 12755 | Lair:1   | Reached skill level 1 in Throwing
 12813 | Lair:1   | Reached skill level 5 in Invocations
 12813 | Lair:1   | Reached skill level 5 in Evocations
 13233 | Lair:2   | Lost mutation: You have a pair of small horns on your head.
                  | [potion of mutation]
 13233 | Lair:2   | Lost mutation: You are resistant to hostile enchantments.
                  | (MR+) [potion of mutation]
 13233 | Lair:2   | Gained mutation: You are dopey. (Int -2) [potion of
                  | mutation]
 13233 | Lair:2   | Gained mutation: You expend magic power (3 MP) to
                  | strengthen your wands. [potion of mutation]
 13234 | Lair:2   | Lost mutation: You are dopey. (Int -2) [potion of mutation]
 13234 | Lair:2   | Lost mutation: You expend magic power (3 MP) to strengthen
                  | your wands. [potion of mutation]
 13234 | Lair:2   | Gained mutation: Armour fits poorly on your strangely
                  | shaped body. [potion of mutation]
 13234 | Lair:2   | Gained mutation: You are weak. (Str -2) [potion of
                  | mutation]
 13234 | Lair:2   | Gained mutation: You are somewhat resistant to further
                  | mutation. [potion of mutation]
 13235 | Lair:2   | Lost mutation: You are somewhat resistant to further
                  | mutation. [potion of mutation]
 13235 | Lair:2   | Lost mutation: You are weak. (Str -2) [potion of mutation]
 13235 | Lair:2   | Lost mutation: Armour fits poorly on your strangely shaped
                  | body. [potion of mutation]
 13235 | Lair:2   | Gained mutation: Your muscles are strong. (Str +2) [potion
                  | of mutation]
 13235 | Lair:2   | Gained mutation: Your flesh is heat resistant. (rF+)
                  | [potion of mutation]
 13294 | Lair:2   | Noticed an eight-headed hydra
 13733 | Lair:2   | Noticed an eight-headed hydra
 13742 | Lair:2   | Killed an eight-headed hydra
 13900 | Lair:2   | Noticed a four-headed hydra
 13909 | Lair:2   | Killed a four-headed hydra
 13969 | Lair:2   | Killed an eight-headed hydra
 14203 | Lair:2   | Reached XP level 12. HP: 59/59 MP: 24/29
 14961 | Lair:3   | Found a staircase to the Snake Pit.
 15094 | Lair:3   | Got a pair of crude gloves
 15105 | Lair:3   | Identified the +2 pair of gloves of Glamorous Joy {Int+3}
                  | (You found it on level 3 of the Lair of Beasts)
 15173 | Lair:3   | Learned a level 5 spell: Lightning Bolt
 15176 | Lair:3   | Learned a level 2 spell: Swiftness
 15192 | Lair:3   | Reached skill level 1 in Fighting
 15299 | Lair:3   | Reached skill level 1 in Charms
 15372 | Lair:3   | Identified a scroll of acquirement
 15381 | Lair:3   | Learned a level 5 spell: Iskenderun's Battlesphere
 15402 | Lair:3   | Reached skill level 1 in Air Magic
 15670 | Lair:3   | Found a staircase to the Swamp.
 16033 | Lair:4   | Learned a level 3 spell: Ozocubu's Armour
 16121 | Lair:4   | Reached **** piety under Fedhas
 16605 | Lair:4   | Noticed a five-headed hydra
 16610 | Lair:4   | Killed a five-headed hydra
 16634 | Lair:4   | Got Epets's Guide on Stones and Ice
 17209 | Lair:5   | Found a staircase to the Slime Pits.
 17216 | Lair:5   | Noticed an alligator
 17217 | Lair:5   | Noticed an alligator
 17217 | Lair:5   | Noticed a six-headed hydra
 17228 | Lair:5   | Upgraded the game from 0.25-b1-37-g2669288c55 to
                  | 0.25-b1-38-g32f9adbbe0
 17244 | Lair:5   | Noticed a seven-headed hydra
 17351 | Lair:5   | Killed a seven-headed hydra
 17351 | Lair:5   | Reached skill level 1 in Ice Magic
 17560 | Lair:5   | Noticed a five-headed hydra
 17565 | Lair:5   | Killed a five-headed hydra
 17565 | Lair:5   | Reached skill level 5 in Charms
 17572 | Lair:5   | Reached XP level 13. HP: 50/68 MP: 7/30
 18672 | Lair:5   | Reached skill level 1 in Armour
 18861 | Lair:5   | Found a runed translucent gate.
 18861 | Lair:5   | Found a runed translucent gate.
 18862 | Lair:5   | Found a runed translucent gate.
 18864 | Lair:5   | Noticed Qeimiotua's ghost (journeyman MiFi)
 19114 | Snake:1  | Entered Level 1 of the Snake Pit
 19131 | Lair:3   | Reached skill level 1 in Hexes
 19282 | Snake:1  | HP: 2/68 [shock serpent/bolt of electricity (20)]
 19284 | Lair:3   | Killed from afar by a shock serpent

Illustrated notes

Levels and vault maps discovered:
D:1:      dpeg_arrival_another_circle, layout_loops_ring
D:2:      layout_basic, minmay_rat_hole, uniq_jessica
D:3:      layout_rooms, serial_rivers, chequers_serial_rivers_micro_b,
          chequers_serial_rivers_micro_c, chequers_serial_rivers_micro_a,
          chequers_serial_rivers_small_3, first_ration, uniq_crazy_yiuf_cottage,
          uniq_sigmund, uniq_robin
D:4:      layout_rooms, nicolae_overflow_crystal_walls,
          yredelemnul_forgotten_temple_becter
D:5:      layout_rooms, okawaru_altar_gauntlet_db, grunt_temple_overflow_open,
          minmay_temple_entry_nine_rooms, gammafunk_ghost_abyssal_escape,
          minmay_lizard_king
D:6:      layout_loops_ring, lemuel_round_altar, basic_altar, fedhas_altar_3
D:7:      layout_rooms, lemuel_round_altar, trog_hazing_becter,
          uniq_prince_ribbit1
D:8:      minmay_goldmine, layout_gridville, makhleb_grotto_becter,
          enter_bailey_8, grunt_pizzeria
D:9:      layout_cave_pods, dpeg_lair_monsters, lightli_corner_chamber
Temple:   eino_wide_crystal_templ
Lair:1:   layout_regular_city
Lair:2:   layout_layer_cave, beast_lair_carwin_2, grunt_megastairs_4
Lair:3:   layout_roguey, swamp_mist, minmay_snake_entry_six_corridors,
          portal_ice_cave_entry_pillars_2, beast_lair_carwin_3
Lair:4:   layout_hall_layers, infiniplex_staircase_pool, grunt_megastairs_1,
          minmay_lair_oklob_chamber, lemuel_fruit_tree
Lair:5:   onia_ninara_swampy_vault, layout_regular_city,
          nicolae_slime_entry_slimehenge, gammafunk_ghost_necromancy,
          minmay_lair_drake_nest
Snake:1:  layout_chambers, st_stairs_4, minmay_shoptagon

Skill      XL: |  1  2  3  4  5  6  7  8  9 10 11 12 13 |
---------------+----------------------------------------+-----
Conjurations   | 5 6 7 9 10 11 12 | 12.9
Spellcasting   | 4 5 6 7 8 9 10 11 12 | 12.4
Dodging        | 3 4 6 7 8 9 |  9.9
Translocations | 3 4 6 7 |  7.9
Stealth        | 4 6 8 |  8.0
Staves         | 2 |  2.0
Short Blades   | 2 4 5 6 |  6.0
Evocations     | 1 4 5 6 |  6.3
Invocations    | 1 4 5 6 |  6.0
Throwing       | 2 3 |  3.6
Fighting       | 3 |  3.1
Charms         | 5 |  5.1
Air Magic      | 2 |  2.1
Ice Magic      | 1 4 |  4.0
Armour         | 1 |  1.4
Hexes          | 1 |  1.5

Action                   |  1- 3 |  4- 6 |  7- 9 | 10-12 | 13-15 || total
-------------------------+-------+-------+-------+-------+-------++-------
Melee: Dagger            |     3 |     4 |     3 |       |       ||    10
       Quarterstaff      |       |       |     6 |       |       ||     6
       Short sword       |       |       |     2 |    17 |       ||    19
 Fire: Hand crossbow     |       |       |     1 |       |       ||     1
Throw: Stone             |     4 |     5 |     1 |       |       ||    10
       Javelin           |       |       |       |    46 |     6 ||    52
       Throwing net      |       |       |       |     3 |       ||     3
 Cast: Magic Dart        |    46 |    87 |   172 |   191 |    36 ||   532
       Searing Ray       |     4 |    15 |    65 |   104 |    19 ||   207
       Dazzling Flash    |       |     1 |     6 |     1 |       ||     8
       Iskenderun's Myst |       |       |     7 |    36 |     6 ||    49
       Fulminant Prism   |       |       |     7 |    52 |    10 ||    69
       Iskenderun's Batt |       |       |       |    15 |    10 ||    25
       Lightning Bolt    |       |       |       |     4 |     5 ||     9
       Swiftness         |       |       |       |     1 |     1 ||     2
       Apportation       |       |       |       |     1 |       ||     1
Invok: Wall of Briars    |       |       |     1 |     7 |     2 ||    10
       Grow Ballistomyce |       |       |       |     1 |       ||     1
Evoke: Wand              |       |       |       |    22 |     3 ||    25
  Use: Potion            |     1 |     5 |     1 |     7 |       ||    14
       Scroll            |       |     6 |     8 |    16 |     6 ||    36
 Stab: Paralysed         |       |       |       |     1 |       ||     1
  Eat: Chunk             |       |     7 |     8 |    14 |     1 ||    30
       Ration            |       |       |     3 |     4 |     2 ||     9
Armor: Robe              |     3 |     2 |    10 |    12 |     3 ||    30
       Swamp dragon scal |       |       |       |       |     4 ||     4
Dodge: Dodged            |     5 |    14 |    61 |    76 |    35 ||   191
